 Dungeon Crawl Stone Soup version 0.31.0-11-ge490571c62 (webtiles) character file.

Game seed: 9678186561203803890

58 SigmundSlayer the Cutter (level 3, -4/27 HPs)
             Began as a Demonspawn Gladiator on Feb 2, 2024.
             Slain by a ribbon worm (5 damage)
             ... on level 2 of the Dungeon.
             The game lasted 00:03:33 (1406 turns).

SigmundSlayer the Cutter (Demonspawn Gladiator)     Turns: 1406, Time: 00:03:34

Health: -4/27      AC:  4    Str: 14    XL:     3   Next: 76%
Magic:  3/3        EV:  6    Int: 14    God:
Gold:   80         SH:  0    Dex: 16    Spells: 2/2 levels left

rFire   + . .        a - +0 rapier
rCold   + . .        (no shield)
rNeg    . . .        f - +0 leather armour
rPois   +            c - +0 helmet
rElec   +            (no cloak)
rCorr   +            (no gloves)
SInv    .            (no boots)
Will    +....        (no amulet)
Stlth   +            g - +6 ring of intelligence
HPRegen 0.24/turn    (no ring)
MPRegen 0.08/turn

%: no passive effects
@: resistant, enlightened, flying, held
A: powered by death 1
a: no special abilities


You were on level 2 of the Dungeon.
You visited 1 branch of the dungeon, and saw 2 of its levels.

You collected 80 gold pieces.

Inventory:

Hand Weapons
 a - a +0 rapier (weapon)
 b - a +0 sling
Missiles
 d - 3 throwing nets (quivered)
 e - a javelin
Armour
 c - a +0 helmet (worn)
 f - a +0 leather armour (worn)
 h - a +0 ring mail
Jewellery
 g - a +6 ring of intelligence (left hand)
 k - an amulet of magic regeneration
Scrolls
 l - a scroll of teleportation {unknown}
 m - a scroll of enchant armour {unknown}
Potions
 n - a potion of mutation {unknown}


   Skills:
 - Level 2.0 Fighting
 + Level 4.3 Short Blades
 - Level 1.7 Throwing
 - Level 2.6 Dodging


You had 2 spell levels left.
You didn't know any spells.
Your spell library contained the following spells:

 Spells                   Type           Power      Damage    Failure   Level
 Call Canine Familiar     Summ           0%         N/A       73%         3
 Sigil of Binding         Hex            0%         N/A       73%         3
 Volatile Blastmotes      Fire/Tloc      0%         2d10      73%         3
 Dimensional Bullseye     Hex/Tloc       0%         N/A       98%         4
 Fulminant Prism          Conj/Alch      0%         3d5       98%         4
 Iskenderun's Mystic Bla  Conj/Tloc      0%         2d3       98%         4
 Summon Forest            Summ/Tloc      0%         N/A       100%        5
 Eringya's Noxious Bog    Alch           0%         4d6       100%        6
 Summon Hydra             Summ           0%         N/A       100%        7


Dungeon Overview and Level Annotations

Branches:
Dungeon (2/15)

Altars:
Nemelex Xobeh


Innate Abilities, Weirdness & Mutations

You regenerate a little health from kills.


Message History

You hit the ribbon worm but do no damage.
The ribbon worm bites you!
You hit the ribbon worm.
The ribbon worm is lightly wounded.
The ribbon worm bites you.
You completely miss the ribbon worm.
The ribbon worm expels a string of sticky webbing.
The stream of webbing misses you.
You barely miss the ribbon worm. The ribbon worm bites you.
The ribbon worm barely misses you.
You are too injured to fight recklessly!
You are too injured to fight recklessly!
You are too injured to fight recklessly!
Okay, then.
You barely miss the ribbon worm. The ribbon worm bites you.
You hit the ribbon worm.
The ribbon worm is lightly wounded.
The ribbon worm barely misses you.
You puncture the ribbon worm!
The ribbon worm is heavily wounded.
The ribbon worm expels a string of sticky webbing.
The stream of webbing hits you but does no damage.
You are caught in a web!
The ribbon worm bites you but does no damage.
The web tears apart.
The ribbon worm bites you.
* * * LOW HITPOINT WARNING * * *
The ribbon worm bites you.
* * * LOW HITPOINT WARNING * * *
You hit the ribbon worm but do no damage.
The ribbon worm is moderately wounded.
The ribbon worm expels a string of sticky webbing.
The stream of webbing hits you but does no damage.
You are caught in a web!
The ribbon worm barely misses you.
Okay, then.
It was a potion of resistance.
You feel protected.
It was a potion of enlightenment.
You feel very buoyant.
You fly up into the air.
The ribbon worm bites you.
You die...

.......#####..........# ##..##
..................#.#.### ####...
..................+.....###......
######............###.#...)...>#.
#............# #.......##.#.
#............# #.#.###.##...
##########'### #.#.###.###..
##### ####.#####.#.....###.#
....# #....@w....##........#
....# #...w#####..+........#
....# #....# #........# #####
#....# #........# #....#
#........# #....# #........#
#....# #........# #####
+........# #........#


You could see 2 ribbon worms.

Vanquished Creatures
  An adder (D:2)
  3 dart slugs
  A ribbon worm (D:2)
  An endoplasm (D:1)
  A giant cockroach (D:1)
  6 goblins
  5 hobgoblins
  6 kobolds
  3 quokkas (D:1)
  2 ball pythons (D:1)
  4 bats
  4 frilled lizards
  2 rats (D:1)
39 creatures vanquished.

Notes
Turn   | Place    | Note
-------+----------+-------------------------------------------
     0 | D:1      | SigmundSlayer the Demonspawn Gladiator began the quest for
                  | the Orb.
     0 | D:1      | Reached XP level 1. HP: 16/16 MP: 1/1
    85 | D:1      | Reached skill level 3 in Short Blades
   174 | D:1      | Gained mutation: You regenerate a little health from kills.
                  | [demonic ancestry]
   174 | D:1      | Reached XP level 2. HP: 22/22 MP: 2/2
   557 | D:1      | Reached XP level 3. HP: 27/27 MP: 3/3
   937 | D:2      | Reached skill level 4 in Short Blades
  1288 | D:2      | Found a sparkling altar of Nemelex Xobeh.
  1403 | D:2      | HP: 1/27 [ribbon worm (3)]
  1406 | D:2      | Slain by a ribbon worm

Illustrated notes

Levels and vault maps discovered:
D:1:      scummos_arrival_star, layout_basic, serial_bayou, serial_bayou_ford_a,
          serial_bayou_pond_d, serial_bayou_pond_b, serial_bayou_pond_c,
          serial_bayou_crossing
D:2:      layout_basic, basic_altar

Skill      XL: |  1  2  3 |
---------------+----------+-----
Short Blades   | 3 4 |  4.3
Fighting       | |  2.0
Throwing       | |  1.7
Dodging        | |  2.6

Action                     || total
---------------------------++-------
  Melee: Dagger            ||    15
         Rapier            ||   137
   Fire: Sling             ||     2
    Use: Potion            ||     2
   Stab: Sleeping          ||     1
 Armour: Leather armour    ||    91
  Dodge: Dodged            ||    81
